 Dungeon Crawl Stone Soup version 0.17-a0-435-gc4df345 (webtiles) character file.

16 krae the Changer (level 2, -5/18 HPs)
             Began as an Octopode Transmuter on Apr 4, 2015.
             Slain by Natasha (7 damage)
             ... on level 2 of the Dungeon.
             The game lasted 00:03:36 (727 turns).

krae the Changer (Octopode Transmuter)               Turns: 727, Time: 00:03:37

Health: -5/18      AC:  1    Str:  9    XL:     2   Next: 54%
Magic:  2/5        EV: 12    Int: 15    God:
Gold:   59         SH:  0    Dex: 12    Spells: 2 memorised, 2 levels left

rFire  . . .     SeeInvis .       - Unarmed
rCold  . . .     Clarity  .     (no shield)
rNeg   . . .     SustAb   .     (helmet restricted)
rPois  .         Gourm    .     (no amulet)
rElec  .         Spirit   .     (no ring)
rCorr  .         Warding  .     (no ring)
rMut   .         Stasis   .     (no ring)
MR     .....                    (no ring)
Stlth  ++........               (no ring)
                                (no ring)
                                (no ring)
                                (no ring)

@: not resistant to hostile enchantments, unstealthy
A: almost no armour, amphibious, 8 rings, constrict 8, camouflage 1, gelatinous
body 1
a: no special abilities


You were on level 2 of the Dungeon.
You were not hungry.

You visited 1 branch of the dungeon, and saw 2 of its levels.

You collected 59 gold pieces.


Innate Abilities, Weirdness & Mutations

You cannot wear most types of armour.
You are amphibious.
You can wear up to eight rings at the same time.
You can use your tentacles to constrict eight enemies at once.
Your skin changes colour to match your surroundings (Stealth).
Your rubbery body absorbs attacks (AC +1).


   Skills:
 - Level 1.0 Fighting
 - Level 2.0 Dodging
 - Level 3.0 Unarmed Combat
 - Level 2.0 Spellcasting
 + Level 3.1 Transmutations


You had 2 spell levels left.
You knew the following spells:

 Your Spells              Type           Power        Failure   Level  Hunger
z - Beastly Appendage     Trmt           ##....       8%          1    #......
Z - Sticks to Snakes      Trmt           ##........   12%         2    ###....

Inventory:

Missiles
 b - 21 arrows
 n - 2 throwing nets {=f}
Armour
 i - a +0 shield
Scrolls
 g - a scroll of enchant weapon {unknown}
 j - a scroll of teleportation {unknown}
 k - a scroll of blinking {unknown}
 l - a scroll of remove curse {unknown}
 o - 2 scrolls of fear {unknown}
Potions
 c - 2 potions of invisibility {unknown}
 e - a potion of restore abilities {unknown}
 h - a potion of magic {unknown}
 m - a potion of might {unknown}
Books
 d - a book of Changes
Comestibles
 a - a bread ration
 f - 2 meat rations
 p - a chunk of flesh

Dungeon Overview and Level Annotations

Branches:
Dungeon (2/15)

Altars:
Ashenzari

Annotations:
D:2 Natasha

################
................
###..........####
#...............
####.........####
........#####.....
####....#####.######
#.............#hx.##
..............S#S5##
.####.....#.#.....#
.'..)........>^...#
.####.....#.#.....#
##........#.#......#
#...######.#....#.#
#... #.#......# #...
#.#<.....#


You could see Natasha, a shadow imp and 2 friendly adders.


Message History

Your adder closely misses Natasha.
Your magical contamination has completely faded away.
Here: Natasha (moderately wounded)
The floor.
Unknown command.
Your adder bites Natasha.
Natasha misses you.
Your adder bites Natasha but does no damage.
Unknown command.
Unknown command.
Really attack while wielding your 21 arrows?
Really attack while wielding your 21 arrows?
You are now empty-tentacled.
Your adder barely misses Natasha.
Natasha casts a spell at you. The magic dart hits you!
The shadow imp gestures at you. Pain shoots through your body!
Ouch! That really hurt!
* * * LOW HITPOINT WARNING * * *
Your adder bites Natasha.
Natasha is poisoned.
Your adder poisons Natasha!
Here: a shadow imp (summoned)
The floor.
Unknown command.
Unknown command.
You barely miss Natasha. You grab Natasha. You squeeze Natasha.
Natasha is almost dead.
Your adder barely misses Natasha. x2
The shadow imp hits you.
* * * LOW HITPOINT WARNING * * *
Natasha claws you!
You die...

Action                   || total
-------------------------++-------
Melee: Unarmed           ||    34
 Cast: Beastly Appendage ||     1
       Sticks to Snakes  ||     2
 Stab: Sleeping          ||     1

Vault maps used:
D:1:      elethiomel_arrival_shortcut, kennysheep_small_spiral,
          minmay_misc_feat_ornament, minmay_misc_feat_five,
          minmay_misc_feat_four_crosses, hex_large, nicolae_ashenzari_panopticon
D:2:      yredelemnul_altar_generic, uniq_natasha

Notes
Turn   | Place    | Note
--------------------------------------------------------------
     0 | D:1      | krae, the Octopode Transmuter, began the quest for the Orb.
     0 | D:1      | Reached XP level 1. HP: 13/13 MP: 3/3
    20 | D:1      | Found a shattered altar of Ashenzari.
   301 | D:1      | Reached XP level 2. HP: 12/18 MP: 5/5
   529 | D:2      | Reached skill level 3 in Transmutations
   575 | D:2      | Noticed Natasha
   604 | D:2      | Learned a level 2 spell: Sticks to Snakes
   727 | D:2      | Slain by Natasha

Vanquished Creatures
  A giant gecko (D:1)
  4 hobgoblins
  2 kobolds
  A bat (D:1)
  A giant cockroach (D:2)
  2 goblins (D:1)
  3 rats
14 creatures vanquished.
